AoeStats
← Trickshot

Arabia

509964488Analyzed
3v3 RM · 4d ago on Sep 28, 2026· 30m 15s· 6 players
Game mode
Random Map
Map size
Normal (6 player)
Population
200
Speed
Normal
Resources
Standard
Victory
Conquest
Starting age
Dark Age
Ending age
Imperial Age
RankedLock teamsTeams togetherTeam positionsShared explorationLock speedFull tech treeHidden civsTurbo modeCheats
Victory
Defeat
🇩🇪 Ethiopians · Germany
1296
+12
🇩🇪 Maya · Germany
1280
+13
🇩🇪 Franks · Germany
1246
+14
🇩🇪 Varangians · Germany
1385
-20
🇺🇸 Maya · United States
1147
-11
🇺🇸 Mongols · United States
1077
-8
Trickshot
7:40 Loom
9:59 Feudal Age
13:43 Fletching
16:36 Town Watch
16:56 Double-Bit Axe
17:55 Padded Archer Armor
20:49 Wheelbarrow
24:56 Castle Age
24:09 Horse Collar
25:00 Crossbowman
25:36 Bodkin Arrow
27:00 Gold Mining
29:43 Leather Archer Armor
30:14 Ballistics
Spieler2
0:26 Loom
9:01 Feudal Age
9:44 Double-Bit Axe
15:40 Fletching
22:20 Castle Age
21:12 Padded Archer Armor
21:30 Gold Mining
22:24 Crossbowman
23:12 Bodkin Arrow
Wilma Raiden I.
6:53 Loom
9:22 Feudal Age
10:08 Double-Bit Axe
21:11 Wheelbarrow
23:41 Castle Age
23:04 Scale Barding Armor
23:00 Gold Mining
23:56 Forging
25:46 Chain Barding Armor
26:44 Iron Casting
28:15 Gold Shaft Mining
30:23 Hand Cart
GestaLekgolo
7:05 Loom
10:37 Feudal Age
11:12 Double-Bit Axe
16:40 Bloodlines
Myrmidon Overlord
8:38 Feudal Age
8:30 Loom
9:43 Double-Bit Axe
10:23 Horse Collar
16:23 Loom
18:05 Bloodlines
18:41 Scale Barding Armor
19:38 Forging
27:10 Castle Age
25:06 Gold Mining
27:11 Light Cavalry
28:12 Chain Barding Armor
27:54 Husbandry
29:33 Iron Casting
LordVartok
0:35 Loom
10:58 Feudal Age
16:32 Fletching
17:06 Padded Archer Armor
25:37 Castle Age
23:52 Gold Mining
25:38 Crossbowman
26:25 Thumb Ring
26:48 Bodkin Arrow
Connection lost

Rejoining the realm…

Still unreachable

The connection could not be restored.

Session expired

The server has moved on; the page needs a fresh start.